 Dungeon Sprint DCSS version 0.17-a0-1262-gd250d98 (webtiles) character file.

8589 nuthulu the Tortoise (level 11, 0/113 HPs)
             Began as a Hill Orc Fighter on June 6, 2015.
             Was the Champion of Cheibriados.
             Killed from afar by a fire giant (9 damage)
             ... with a fireball
             ... in the Dungeon (Sprint V: "Ziggurat Sprint").
             The game lasted 00:05:40 (1409 turns).

nuthulu the Tortoise (Hill Orc Fighter)             Turns: 1409, Time: 00:05:40

Health: 0/113      AC: 32    Str: 48    XL:     11   Next: 33%
Magic:  4/20       EV: 14    Int: 23    God:    Cheibriados [******]
Gold:   0          SH:  0    Dex: 31    Spells: 0 memorised, 10 levels left

rFire  + + .     SeeInvis .     J - +0 Sword of Power
rCold  . . .     Clarity  .     c - +15 Maxwell's patent armour {-Cast -Tele rElec MR+ rCorr}
rNeg   . . .     SustAt   .     (no shield)
rPois  .         Gourm    +     (no helmet)
rElec  +         Spirit   .     (no cloak)
rCorr  +         Warding  .     (no gloves)
rMut   .         NoTele   +     (no boots)
MR     +....     NoCast   +     O - amulet of Guddeang {Gourm Str+4 Dex+3}
Stlth  ..........               K - ring "Itsoerei" {+cTele rElec rF++ Dex+3 Slay+2}
                                H - +6 ring of strength

@: very slow, somewhat resistant to hostile enchantments, extremely unstealthy
A: no striking features
a: Bend Time, Temporal Distortion, Slouch, Step From Time, Renounce Religion,
Evoke Teleport Control


You were in the Dungeon.
You worshipped Cheibriados.
Cheibriados was exalted by your worship.
You were full.

You visited 1 branch

Inventory:

Hand weapons
 J - the +0 Sword of Power (weapon)
   (You found it in the Dungeon)
Armour
 c - the +15 Maxwell's patent armour (worn) {-Cast -Tele rElec MR+ rCorr}
   (You found it in the Dungeon)

   It insulates you from electricity.
   It affects your resistance to hostile enchantments.
   It prevents spellcasting.
   It prevents most forms of teleportation.
   It protects you from acid and corrosion.
 o - the +18 shield of the gong {rElec rN+ MR+ EV-5}
   (You found it in the Dungeon)

   It affects your evasion (-5).
   It insulates you from electricity.
   It protects you from negative energy.
   It affects your resistance to hostile enchantments.
Jewellery
 b - an uncursed amulet of resist corrosion
 D - a +6 ring of dexterity
 E - a +6 ring of dexterity
 F - a +6 ring of intelligence
 G - a +6 ring of intelligence
 H - a +6 ring of strength (left hand)
 I - a +6 ring of strength
 K - the ring "Itsoerei" (right hand) {+cTele rElec rF++ Dex+3 Slay+2}
   (You found it in the Dungeon)

   [ring of teleport control]

   It can be evoked for teleport control.
   It affects your dexterity (+3).
   It affects your accuracy and damage with ranged weapons and melee attacks
   (+2).
   It greatly protects you from fire.
   It insulates you from electricity.
 L - an uncursed ring of protection from magic
 M - an uncursed ring of positive energy
 N - an uncursed ring of ice
 O - the amulet of Guddeang (around neck) {Gourm Str+4 Dex+3}
   (You found it in the Dungeon)

   [amulet of the gourmand]

   It allows you to eat raw meat even when not hungry.
   It affects your strength (+4).
   It affects your dexterity (+3).
Magical devices
 y - a wand of disintegration (7)
 A - a wand of fire (5)
 B - a wand of cold (5)
 C - a wand of draining (5)
Scrolls
 a - a scroll of brand weapon
 k - 4 scrolls of blinking
 q - 4 scrolls of amnesia
 r - 4 scrolls of recharging
 s - 7 scrolls of fog
 t - a scroll of holy word
 u - 5 scrolls of identify
 v - 5 scrolls of remove curse
 w - 2 scrolls of fear
Potions
 d - 6 potions of might
 f - 9 potions of curing
 g - 8 potions of heal wounds
 h - 6 potions of haste
 i - 6 potions of magic
 j - 3 potions of berserk rage
 l - 2 potions of brilliance
 m - 2 potions of invisibility
 n - 4 potions of resistance
 p - 5 potions of agility
Comestibles
 e - 5 bread rations
 x - 42 fruits
 z - 3 meat rations


   Skills:
 * Level 15.5 Fighting
 + Level 13.4 Long Blades
 + Level 16.3 Armour
 + Level 4.0 Dodging
 - Level 9.4 Shields
 * Level 12.5 Invocations


You had 10 spell levels left.
You didn't know any spells.

Dungeon Overview and Level Annotations

Branches:
Dungeon (1/1)

Altars:
Ashenzari
Cheibriados
Dithmenos
Elyvilon
Fedhas
Gozag
Kikubaaqudgha
Makhleb
Nemelex Xobeh
Okawaru
Qazlal
Ru
Sif Muna
Trog
Vehumet
Xom
Yredelemnul
Zin
The Shining One
Beogh
Jiyva
Lugonu


Message History

Unknown command.
Unknown command.
Use which ability? (? or * to list)
You don't have enough magic at the moment.
Unknown command.
You barely miss the fire giant.
The fire giant is severely wounded.
The fire giant gestures at you while chanting.
The bolt of fire hits you! You resist.
* * * LOW HITPOINT WARNING * * *
The stone giant hits you but does no damage.
The cyclops throws a large rock.
The large rock hits you but does no damage.
The cyclops hits you but does no damage.
You slice the fire giant!!
The fire giant is almost dead.
The stone giant misses you.
The fire giant gestures at you while chanting.
The fireball explodes!
The fireball engulfs you! You resist.
You die...

▓▓▓▓▓▓▓▓▓▓▓▓▓▓▓▓▓▓▓
▓...8©8...▓...8©8...▓
▓..}=:|[..▓..}))|P..▓
▓..)!:::..▓...P.[P..▓
▓.........▓.........▓
▓....†....▓.........▓
▓...).....▓.........▓
▓...CC)...▓.....)...▓
▓...C@.C..▓.▓.))..▓.▓
▓.▓..(..▓.▓...)))...▓
▓...((....▓▓▓▓▓▓▓▓▓▓▓
▓▓▓▓▓▓▓▓▓▓▓


You could see a fire giant, a stone giant and 2 cyclopes.

Vanquished Creatures
  A tentacled starspawn (D)
  2 deep elf knights (D)
  A deep elf conjurer (D)
  A smoke demon (D)
  A large abomination (D)
  A freezing wraith (D)
  2 blue devils (D)
  3 trolls (D)
  2 two-headed ogres (D)
  2 yaks (D)
  5 deep elf magi (D)
  4 spriggans (D)
  2 deep elf fighters (D)
  2 wolves (D)
  An ice beast (D)
  3 orc warriors (D)
  3 black bears (D)
  An ogre (D)
  3 crimson imps (D)
  3 orc wizards (D)
  2 iron imps (D)
  2 sheep (D)
  2 shadow imps (D)
  3 white imps (D)
  An ufetubus (D)
  An orc (D)
  A bat simulacrum (D)
55 creatures vanquished.

Vanquished Creatures (others)
  2 spatial maelstroms (D)
  3 starspawn tentacles (D)
  52 starspawn tentacle segments (D)
57 creatures vanquished.

Grand Total: 112 creatures vanquished

Notes
Turn   | Place    | Note
--------------------------------------------------------------
     0 | D        | nuthulu the Hill Orc Fighter began the quest for the Orb.
     0 | D        | Reached XP level 1. HP: 19/19 MP: 1/1
     0 | D        | Found a roughly hewn altar of Beogh.
     0 | D        | Found a corrupted altar of Lugonu.
     0 | D        | Found a viscous altar of Jiyva.
     0 | D        | Found a white marble altar of Elyvilon.
     0 | D        | Found a sparkling altar of Nemelex Xobeh.
     0 | D        | Found a burning altar of Makhleb.
     0 | D        | Found an iron altar of Okawaru.
     0 | D        | Found a deep blue altar of Sif Muna.
     0 | D        | Found a radiant altar of Vehumet.
     0 | D        | Found a bloodstained altar of Trog.
     0 | D        | Found a shimmering altar of Xom.
     5 | D        | Banished a spatial maelstrom
    15 | D        | Banished a spatial maelstrom
   119 | D        | Reached skill level 5 in Fighting
   119 | D        | Reached skill level 5 in Armour
   119 | D        | Reached XP level 2. HP: 23/30 MP: 2/2
   220 | D        | Became a worshipper of Cheibriados the Contemplative
   230 | D        | Entered arena 1.
   230 | D        | Noticed a spriggan
   230 | D        | Noticed a wolf
   239 | D        | Killed a wolf
   239 | D        | Reached skill level 7 in Fighting
   239 | D        | Reached skill level 5 in Long Blades
   239 | D        | Reached skill level 5 in Shields
   239 | D        | Reached XP level 3. HP: 8/40 MP: 3/3
   239 | D        | Reached XP level 4. HP: 9/48 MP: 4/4
   239 | D        | Reached XP level 5. HP: 9/53 MP: 5/5
   246 | D        | Killed a spriggan
   246 | D        | Acquired Cheibriados's first power
   246 | D        | Reached skill level 9 in Fighting
   246 | D        | Reached XP level 6. HP: 28/63 MP: 6/6
   421 | D        | Entered arena 2.
   421 | D        | Noticed a spriggan
   421 | D        | Noticed a wolf
   421 | D        | Noticed a black bear
   430 | D        | Killed a spriggan
   432 | D        | Killed a black bear
   432 | D        | Reached skill level 10 in Fighting
   432 | D        | Reached skill level 10 in Armour
   432 | D        | Reached XP level 7. HP: 39/72 MP: 7/7
   434 | D        | Killed a wolf
   578 | D        | Entered arena 3.
   578 | D        | Noticed a spriggan
   578 | D        | Noticed a black bear
   578 | D        | Noticed a spriggan
   578 | D        | Noticed a black bear
   585 | D        | Killed a spriggan
   585 | D        | Reached skill level 11 in Armour
   590 | D        | Killed a spriggan
   590 | D        | Acquired Cheibriados's second power
   590 | D        | Reached XP level 8. HP: 56/81 MP: 8/8
   594 | D        | Killed a black bear
   595 | D        | Killed a black bear
   595 | D        | Acquired Cheibriados's third power
   705 | D        | Entered arena 4.
   705 | D        | Noticed a yak
   705 | D        | Noticed a yak
   709 | D        | Reached skill level 12 in Armour
   714 | D        | Killed a yak
   714 | D        | Acquired Cheibriados's fourth power
   716 | D        | Killed a yak
   751 | D        | Entered arena 5.
   751 | D        | Noticed a crimson imp
   751 | D        | Noticed a crimson imp
   754 | D        | Killed a crimson imp
   760 | D        | Killed a crimson imp
   860 | D        | Entered arena 6.
   860 | D        | Noticed a deep elf mage
   860 | D        | Noticed a deep elf mage
   860 | D        | Noticed a deep elf fighter
   860 | D        | Noticed a deep elf mage
   862 | D        | Killed a deep elf fighter
   862 | D        | Reached skill level 13 in Armour
   868 | D        | Killed a deep elf mage
   868 | D        | Reached XP level 9. HP: 54/91 MP: 9/9
   872 | D        | Killed a deep elf mage
   874 | D        | Killed a deep elf mage
   898 | D        | Got the ring "Itsoerei" {+cTele rElec rF++ Dex+3 Slay+2}
  1066 | D        | Entered arena 7.
  1066 | D        | Noticed an iron imp
  1066 | D        | Noticed a tentacled starspawn
  1066 | D        | Noticed a crimson imp
  1066 | D        | Noticed a smoke demon
  1066 | D        | Noticed a large abomination
  1066 | D        | Noticed an iron imp
  1068 | D        | Killed a crimson imp
  1068 | D        | Killed an iron imp
  1071 | D        | Killed a large abomination
  1071 | D        | Reached skill level 10 in Long Blades
  1071 | D        | Reached skill level 1 in Invocations
  1072 | D        | Killed a smoke demon
  1072 | D        | Reached skill level 14 in Armour
  1077 | D        | Killed a tentacled starspawn
  1077 | D        | Reached skill level 15 in Armour
  1077 | D        | Reached XP level 10. HP: 85/104 MP: 9/12
  1078 | D        | Killed an iron imp
  1137 | D        | Entered arena 8.
  1137 | D        | Noticed an orc wizard
  1137 | D        | Noticed an orc warrior
  1137 | D        | Noticed an orc wizard
  1137 | D        | Noticed an orc warrior
  1137 | D        | Noticed an orc warrior
  1137 | D        | Noticed an orc wizard
  1138 | D        | Killed an orc wizard
  1138 | D        | Killed an orc wizard
  1138 | D        | Killed an orc wizard
  1139 | D        | Killed an orc warrior
  1139 | D        | Killed an orc warrior
  1139 | D        | Killed an orc warrior
  1212 | D        | Entered arena 9.
  1212 | D        | Noticed an ice beast
  1212 | D        | Noticed a blue devil
  1212 | D        | Noticed a blue devil
  1212 | D        | Noticed a freezing wraith
  1218 | D        | Killed a blue devil
  1218 | D        | Reached skill level 5 in Invocations
  1218 | D        | Killed an ice beast
  1218 | D        | Killed a blue devil
  1219 | D        | Killed a freezing wraith
  1291 | D        | Entered arena 10.
  1291 | D        | Noticed a deep elf knight
  1291 | D        | Noticed a deep elf fighter
  1291 | D        | Noticed a deep elf conjurer
  1291 | D        | Noticed a deep elf mage
  1291 | D        | Noticed a deep elf knight
  1291 | D        | Noticed a deep elf mage
  1299 | D        | Killed a deep elf knight
  1299 | D        | Reached skill level 15 in Fighting
  1299 | D        | Killed a deep elf mage
  1299 | D        | Killed a deep elf mage
  1299 | D        | Killed a deep elf knight
  1299 | D        | Reached skill level 16 in Armour
  1299 | D        | Reached skill level 10 in Invocations
  1299 | D        | Reached XP level 11. HP: 71/112 MP: 11/18
  1299 | D        | Killed a deep elf fighter
  1302 | D        | Killed a deep elf conjurer
  1309 | D        | Got the amulet of Guddeang {Gourm Str+4 Dex+3}
  1402 | D        | Entered arena 11.
  1402 | D        | Noticed a troll
  1402 | D        | Noticed a two-headed ogre
  1402 | D        | Noticed a stone giant
  1402 | D        | Noticed a fire giant
  1402 | D        | Noticed a cyclops
  1403 | D        | Noticed a two-headed ogre
  1403 | D        | Noticed a cyclops
  1403 | D        | Noticed a troll
  1403 | D        | Noticed a troll
  1404 | D        | Noticed an ogre
  1406 | D        | Killed a two-headed ogre
  1406 | D        | Killed a troll
  1406 | D        | Killed an ogre
  1406 | D        | Killed a troll
  1407 | D        | Killed a troll
  1407 | D        | Killed a two-headed ogre
  1409 | D        | Killed from afar by a fire giant

Vault maps used:
D:        sprint_v

Action                   |  1- 3 |  4- 6 |  7- 9 | 10-12 || total
-------------------------+-------+-------+-------+-------++-------
Melee: Great sword       |     9 |    17 |    52 |    13 ||    91
Invok: Slouch            |       |       |     1 |     9 ||    10
  Use: Potion            |     1 |     1 |     2 |     1 ||     5
  Eat: Meat ration       |       |       |       |     1 ||     1
